 Dungeon Crawl Stone Soup version 0.27-a0-1101-ge311f74bc8 (webtiles) character file.

Game seed: 3448821547201493248

203 siradein the Slasher (level 5, 0/41 HPs)
             Began as a Demonspawn Fighter on Apr 28, 2021.
             Slain by a ball python (2 damage)
             ... in a sewer.
             The game lasted 00:08:58 (3157 turns).

siradein the Slasher (Demonspawn Fighter)           Turns: 3157, Time: 00:08:59

Health: 0/41       AC:  6    Str: 17    XL:     5   Next: 51%
Magic:  5/5        EV:  3    Int: 11    God:
Gold:   134        SH:  8    Dex: 13    Spells: 4/4 levels left

rFire    . . .     SeeInvis .   g - +2 short sword (drain)
rCold    . . .     Faith    .   c - +0 kite shield
rNeg     . . .     Spirit   .   b - +0 scale mail
rPois    .         Reflect  .   (no helmet)
rElec    .         Harm     .   (no cloak)
rCorr    .         Rampage  .   (no gloves)
Will     .....                  (no boots)
Stlth    ..........             (no amulet)
HPRegen  0.13/turn              (no ring)
MPRegen  0.09/turn              (no ring)

@: lethally poisoned (0 -> -5), constricted
A: big brain 1, demonic magic 1
a: no special abilities


You were in a sewer.
You visited 1 branch of the dungeon, and saw 3 of its levels.
You also visited: Sewer.

You collected 134 gold pieces.

Inventory:

Hand Weapons
 a - a +0 long sword
 g - a +2 short sword of draining (weapon)
Missiles
 q - 5 atropa-tipped darts (quivered)
Armour
 b - a +0 scale mail (worn)
 c - a +0 kite shield (worn)
Scrolls
 f - 3 scrolls of identify {unknown}
 i - 3 scrolls of teleportation {unknown}
 k - a scroll of enchant weapon {unknown}
 o - a scroll of magic mapping {unknown}
 p - 3 scrolls of fear {unknown}
Potions
 d - 2 potions of might
 e - 3 potions of curing {unknown}
 h - 3 potions of invisibility {unknown}
 j - 2 potions of haste {unknown}
 l - a potion of cancellation {unknown}
 m - a potion of mutation {unknown}
 n - 2 potions of heal wounds {unknown}
 r - a potion of brilliance {unknown}
 s - a potion of magic {unknown}


   Skills:
 - Level 3.0 Fighting
 + Level 5.3 Long Blades
 - Level 2.6 Armour
 - Level 2.6 Shields


You had 4 spell levels left.
You didn't know any spells.
Your spell library contained the following spells:

 Spells                   Type           Power      Damage    Failure   Level
 Magic Dart               Conj           0%         1d3       99%         1
 Blink                    Tloc           N/A        N/A       100%        2
 Call Imp                 Summ           0%         N/A       100%        2
 Slow                     Hex            0%         N/A       100%        2
 Conjure Flame            Conj/Fire      0%         6-21      100%        3
 Mephitic Cloud           Conj/Pois/Air  0%         N/A       100%        3


Dungeon Overview and Level Annotations

Branches:
Dungeon (3/15)              Sewer (1/1)

Altars:


Innate Abilities, Weirdness & Mutations

You have an unusually large brain. (Int +2)
Spells you cast may paralyse adjacent enemies.


Message History

You barely miss the bullfrog.
The bullfrog is heavily wounded.
You block the bullfrog's attack. You block the adder's attack.
The ball python barely misses you. You block the ball python's attack.
The ball python constricts you.
The ball python bites you but does no damage.
The bullfrog hits you but does no damage.
The adder bites you but does no damage. The ball python bites you.
The adder bites you.
You are poisoned.
The adder poisons you!
You hit the bullfrog.
The bullfrog is severely wounded.
You feel sick. You block the bullfrog's attack.
The ball python bites you but does no damage. x2
The adder bites you.
The ball python bites you but does no damage.
The ball python constricts you.
The endoplasm jiggles.
You block the ball python's attack. The adder bites you.
* * * LOW HITPOINT WARNING * * *
The bullfrog hits you.
* * * LOW HITPOINT WARNING * * *
You block the ball python's attack.
The ball python bites you but does no damage.
The ball python constricts you.
The ball python bites you but does no damage.
The adder bites you but does no damage.
You closely miss the bullfrog.
The bullfrog is severely wounded.
You feel sick. The adder barely misses you. The bullfrog hits you.
* * * LOW HITPOINT WARNING * * *
The ball python bites you but does no damage.
The adder bites you.
* * * LOW HITPOINT WARNING * * *
You are lethally poisoned!
The adder poisons you!
The ball python bites you but does no damage.
The ball python bites you.
You die...

≈≈≈≈≈#
#####≈≈≈≈≈≈#
≈≈≈≈≈#
#≈≈≈≈≈≈#
≈≈≈≈≈#
#≈≈≈≈≈≈#
≈≈≈≈≈#
#≈≈≈≈≈≈#
≈≈÷÷≈#
#≈≈≈≈≈≈#
≈..÷≈#
#≈≈≈≈#≈#
≈..≈≈#
#≈≈≈#≈≈#
.≈≈≈##
#≈≈≈SS≈#
≈≈≈≈≈#
#≈≈FS@S#
≈≈≈≈≈#
#≈≈≈SSF#
≈≈≈≈≈#
#≈≈≈Jl≈#
≈≈≈≈≈#
#≈≈≈≈≈≈#
≈≈≈≈≈#
#≈≈≈≈≈≈#
≈≈≈≈≈#
#≈≈≈≈≈≈#
≈≈≈≈≈#
#≈≈#≈≈≈#
≈≈.≈.#
#.≈.≈.##
.....#
#J.....


You could see 2 bullfrogs, 2 adders, an endoplasm, 4 ball pythons and a frilled
lizard.

Vanquished Creatures
  6 adders
  7 river rats (Sewer)
  2 worms (D:2)
  A dart slug (D:1)
  9 ball pythons
  3 endoplasms
  6 giant cockroaches
  3 goblins (D:1)
  4 hobgoblins
  6 jackals (D:2)
  3 quokkas
  5 bats
  4 frilled lizards
  6 kobolds
  22 rats
87 creatures vanquished.

Notes
Turn   | Place    | Note
-------+----------+-------------------------------------------
     0 | D:1      | siradein the Demonspawn Fighter began the quest for the
                  | Orb.
     0 | D:1      | Reached XP level 1. HP: 18/18 MP: 1/1
    67 | D:1      | Reached skill level 2 in Long Blades
   249 | D:1      | Gained mutation: Spells you cast may paralyse adjacent
                  | enemies. [demonic ancestry]
   249 | D:1      | Reached XP level 2. HP: 22/24 MP: 2/2
   275 | D:1      | Found a faded altar of an unknown god.
   893 | D:1      | Reached skill level 3 in Long Blades
  1062 | D:2      | Reached XP level 3. HP: 19/29 MP: 3/3
  1331 | D:2      | Noticed an ice beast
  2033 | D:3      | Reached skill level 4 in Long Blades
  2033 | D:3      | Gained mutation: You have an unusually large brain. (Int
                  | +2) [demonic ancestry]
  2033 | D:3      | Reached XP level 4. HP: 35/35 MP: 4/4
  2137 | D:3      | Found a glowing drain.
  2164 | Sewer    | Entered a sewer
  2358 | Sewer    | Reached XP level 5. HP: 12/41 MP: 5/5
  2649 | Sewer    | Reached skill level 5 in Long Blades
  3157 | Sewer    | HP: 2/41 [adder (3)]
  3157 | Sewer    | Slain by a ball python

Illustrated notes

Levels and vault maps discovered:
D:1:      kennysheep_arrival_forest, layout_loops_corners,
          hellmonk_ecumenical_altar_arch_garden,
          wander_ebering_terrifying_dragon_lair
D:2:      layout_rooms
D:3:      layout_basic, gammafunk_temple_overflow_arena,
          gammafunk_ghost_nasty_kobolds, portal_sewer_entry_f, uniq_natasha
Sewer:    sewer_minmay_w

Skill      XL: |  1  2  3  4  5 |
---------------+----------------+-----
Long Blades    | 2 3 4 5 |  5.3
Fighting       | |  3.0
Armour         | |  2.6
Shields        | |  2.6

Action                   |  1- 3 |  4- 6 || total
-------------------------+-------+-------++-------
Melee: Short sword       |   103 |   127 ||   230
       Long sword        |    11 |       ||    11
Armor: Scale mail        |    81 |    91 ||   172
Dodge: Dodged            |    28 |    53 ||    81
Block: Kite shield       |    76 |    96 ||   172

Table legend: (Time is in decaauts)
 A = Elapsed time spent in this place.
 B = Non-inter-level travel time spent in this place.
 C = Inter-level travel time spent in this place.
 D = Time resting spent in this place.
 E = Time spent auto-exploring this place.
 F = Levels seen in this place.
 G = Mean time per level.
                   A        B        C        D        E       F      G
               +--------+--------+--------+--------+--------+-----+--------+
         Total |   3268 |   3235 |     33 |    111 |   2334 |   4 |  817.0 |
       Dungeon |   2203 |   2170 |     33 |    111 |   1518 |   3 |  734.3 |
         Sewer |   1064 |   1064 |      0 |      0 |    816 |   1 | 1064.0 |
               +--------+--------+--------+--------+--------+-----+--------+

Top non-repeatable levels by time:
     D:1: 1375 daAuts
   Sewer: 1064 daAuts
     D:2: 663 daAuts
     D:3: 164 daAuts
